 Dungeon Crawl Stone Soup version 0.29.1-2-gbd0b4ee654 (webtiles) character file.

Game seed: 16148248090749934802

393 funnyparkerb the Sneak (level 6, -3/33 HPs)
             Began as a Vine Stalker Brigand on Nov 9, 2022.
             Was a Follower of Uskayaw.
             Splashed by a jelly's acid (8 damage)
             ... on level 4 of the Dungeon.
             The game lasted 00:05:03 (2648 turns).

funnyparkerb the Sneak (Vine Stalker Brigand)       Turns: 2648, Time: 00:05:04

Health: -3/33      AC: -7    Str: 10 (13) XL:     6   Next: 81%
Magic:  0/8        EV: 12    Int:  8 (11) God:    Uskayaw [*.....]
Gold:   238        SH:  0    Dex: 15 (18) Spells: 5/5 levels left

rFire   . . .      SeeInvis .   m - +1 dagger (speed)
rCold   . . .      Faith    .   (no shield)
rNeg    + . .      Spirit   +   r - +0 leather armour
rPois   .          Reflect  .   (no helmet)
rElec   .          Harm     .   c - +0 cloak
rCorr   .          Rampage  .   (no gloves)
Will    .....                   b - +0 pair of boots
Stlth   +++.......              (no amulet)
HPRegen 0.91/turn               t - ring of positive energy
MPRegen 0.11/turn               (no ring)

@: weak-willed, corroded
A: fangs 2, regeneration 1, magic shield, antimagic bite, no potion heal 2
a: Renounce Religion, Stomp


You were on level 4 of the Dungeon.
You worshipped Uskayaw.
Uskayaw was noncommittal.
You visited 1 branch of the dungeon, and saw 4 of its levels.

You collected 238 gold pieces.

Inventory:

Hand Weapons
 m - a +1 dagger of speed (weapon)
Missiles
 d - 11 poisoned darts (quivered)
 e - a curare-tipped dart
Armour
 b - a +0 pair of boots (worn)
 c - a +0 cloak (worn)
 r - a +0 leather armour (worn)
Jewellery
 p - a ring of fire
 t - a ring of positive energy (left hand)
Wands
 n - a wand of roots (7)
Scrolls
 a - 2 scrolls of brand weapon {unknown}
 f - a scroll of vulnerability
 g - 5 scrolls of identify {unknown}
 h - a scroll of torment {unknown}
 i - 4 scrolls of teleportation {unknown}
 j - 2 scrolls of poison {unknown}
 k - 2 scrolls of fear {unknown}
 l - 2 scrolls of fog {unknown}
 q - 3 scrolls of amnesia {unknown}


   Skills:
 * Level 4.0 Fighting
 + Level 3.1 Short Blades
 - Level 1.7 Throwing
 * Level 3.4 Dodging
 - Level 4.8 Stealth
 + Level 1.4 Invocations


You had 5 spell levels left.
You didn't know any spells.
Your spell library contained the following spells:

 Spells                   Type           Power      Damage    Failure   Level
 Apportation              Tloc           0%         N/A       52%         1
 Alistair's Intoxication  Tmut/Pois      0%         N/A       100%        5


Dungeon Overview and Level Annotations

Branches:
Dungeon (4/15)
 Temple: D:4-7

Altars:
Ashenzari
Sif Muna
Uskayaw


Innate Abilities, Weirdness & Mutations

You have extremely sharp teeth.
Your natural rate of healing is unusually fast.
When hurt, damage is shared between your health and your magic reserves.
Your bite disrupts and absorbs the magic of your enemies.
Potions cannot restore your health.


Message History

No target in view!
You see here a +0 short sword.
j - 2 scrolls labelled XYRCHU UKEPLI (gained 1)
A jelly comes into view.
The jelly quivers.
Aiming: Fastroot
Press: ? - help, Shift-Dir - straight line, f - you The roots erupt in riotous growth!
Throw: 13 darts (poison)
Press: ? - help, Shift-Dir - straight line, f - jelly
Aim: a jelly (90% to hit)
You throw a poisoned dart. The poisoned dart hits the jelly.
Aiming: Fastroot
Press: ? - help, Shift-Dir - straight line, f/p - jelly
Aim: a jelly The roots erupt in riotous growth!
The jelly is unaffected.
Throw: 12 darts (poison)
Press: ? - help, Shift-Dir - straight line, f/p - jelly
Aim: a jelly (90% to hit)
You throw a poisoned dart. The poisoned dart hits the jelly.
The jelly attacks as you move away! The jelly barely misses you.
You hit the jelly but do no damage. The acid corrodes you!
Your hands burn!
You hit the jelly but do no damage. The acid corrodes you!
Your hands burn!
You bite the jelly, but do no damage. The jelly hits you.
You are splashed with acid!
The jelly attacks as you move away! The jelly hits you.
You are splashed with acid!
Okay, then.
It was a potion of curing.
That felt strangely inert.
The jelly misses you.
As you read the scroll labelled GEDORI TETUEXA, it crumbles to dust.
Magic quickly surges around you.
It was a scroll of vulnerability.
The jelly hits you. The acid corrodes you!
You are splashed with acid!
* * * LOW HITPOINT WARNING * * *
It was a potion of degeneration.
There was something very wrong with that liquid.
You feel weakened.
You feel dopey.
You feel clumsy. The jelly hits you.
* * * LOW HITPOINT WARNING * * *
You are splashed with acid!
You die...

8.8.8.....#........#..........
..........#......).#.........
g......)..#........#.........
..........#........#.........
..........#........#
..........#........#
8.8.8.....#........#
#####.....#...##...#
.....#...##@..# #.....J..#
#........+ #........#
#...##...# #...##...#
#...#....# #...#.(..#
#...#....#


You could see a jelly (weak-willed).

Vanquished Creatures
  Eustachio (D:4)
  Pargi (D:4)
  Ijyb (D:3)
  Terence (D:3)
  3 adders
  An ufetubus (D:3)
  2 worms
  2 dart slugs
  An orc (D:4)
  7 bats
  5 endoplasms
  A giant cockroach (D:1)
  10 goblins
  4 hobgoblins (D:3)
  7 jackals (D:3)
  4 kobolds
  2 quokkas
  9 ball pythons
  4 frilled lizards
  4 rats
70 creatures vanquished.

Notes
Turn   | Place    | Note
-------+----------+-------------------------------------------
     0 | D:1      | funnyparkerb the Vine Stalker Brigand began the quest for
                  | the Orb.
     0 | D:1      | Reached XP level 1. HP: 11/11 MP: 2/2
    29 | D:1      | Reached skill level 1 in Dodging
    57 | D:1      | Reached XP level 2. HP: 11/15 MP: 3/3
   368 | D:1      | You fall into a shaft and drop 1 floor!
   629 | D:1      | Reached XP level 3. HP: 19/19 MP: 4/4
   826 | D:2      | Found a shimmering blue altar of Sif Muna.
  1114 | D:2      | Found a faded altar of an unknown god.
  1559 | D:2      | Gained mutation: Your natural rate of healing is unusually
                  | fast. [Vine Stalker growth]
  1559 | D:2      | Reached XP level 4. HP: 22/23 MP: 5/5
  1650 | D:3      | Found a broken altar of Ashenzari.
  1703 | D:3      | Noticed Ijyb
  1726 | D:3      | Killed Ijyb
  1827 | D:3      | Found a hide-covered altar of Uskayaw.
  1851 | D:3      | Noticed Terence
  1858 | D:3      | Killed Terence
  1859 | D:3      | Reached XP level 5. HP: 28/28 MP: 6/6
  1869 | D:3      | Became a worshipper of Uskayaw the Reveller
  2180 | D:3      | Reached * piety under Uskayaw
  2397 | D:4      | Noticed Eustachio
  2428 | D:3      | Reached ** piety under Uskayaw
  2444 | D:4      | Noticed Pargi
  2448 | D:4      | Reached *** piety under Uskayaw
  2449 | D:4      | Killed Eustachio
  2450 | D:4      | Reached skill level 1 in Invocations
  2450 | D:4      | Reached XP level 6. HP: 32/33 MP: 5/7
  2452 | D:4      | Killed Pargi
  2452 | D:4      | Reached **** piety under Uskayaw
  2648 | D:4      | Splashed by a jelly's acid

Illustrated notes

Levels and vault maps discovered:
D:1:      lightli_arrival_quake, layout_loops_ring
D:2:      layout_loops_ring, basic_altar, nicolae_ecumenical_snake_handling
D:3:      layout_loops_cross, eat_drink_and_be_merry_uskayaw,
          mainiacjoe_overflow_cross_hatched, kennysheep_path_1, uniq_terence,
          uniq_ijyb
D:4:      kennysheep_the_goblin_king, layout_gridville, dk_yredelemnul_ordeal,
          minmay_misc_feat_five, uniq_menkaure, uniq_pargi, uniq_grinder,
          uniq_eustachio

Skill      XL: |  1  2  3  4  5  6 |
---------------+-------------------+-----
Dodging        | 1 2 3 |  3.4
Fighting       | 2 3 4 |  4.0
Short Blades   | 2 3 |  3.1
Invocations    | 1 |  1.4
Throwing       | |  1.7
Stealth        | |  4.8

Action                   |  1- 3 |  4- 6 || total
-------------------------+-------+-------++-------
Melee: Dagger            |    66 |    99 ||   165
       Bite              |    13 |    25 ||    38
Throw: Dart              |     3 |    17 ||    20
Evoke: Wand              |     1 |     5 ||     6
  Use: Potion            |       |     2 ||     2
       Scroll            |       |     1 ||     1
 Stab: Sleeping          |    10 |     6 ||    16
       Distracted        |     1 |     1 ||     2
       Paralysed         |       |     1 ||     1
Armor: Robe              |    11 |     5 ||    16
       Leather armour    |       |    30 ||    30
Dodge: Dodged            |    31 |    75 ||   106
